 Dungeon Crawl Stone Soup version 0.27-a0-978-g2aa4ecdaef (webtiles) character file.

Game seed: 13541581567250485780

2818 spiderkeys the Insei (level 9, 0/62 HPs)
             Began as an Octopode Transmuter on Apr 15, 2021.
             Was an Initiate of Gozag.
             Succumbed to a +2 rapier of chaos's poison
             ... on level 6 of the Dungeon.
             The game lasted 00:17:17 (8772 turns).

spiderkeys the Insei (Octopode Transmuter)          Turns: 8772, Time: 00:17:17

Health: 0/62       AC:  1    Str:  6    XL:     9   Next: 72%
Magic:  12/12      EV: 16    Int: 17    God:    Gozag
Gold:   555        SH:  5    Dex: 21    Spells: 2/12 levels left

rFire    + . .     SeeInvis .   a - +10 fustibalus "Wokk" {venom, Str-4 Dex+8}
rCold    . . .     Faith    .   (no shield)
rNeg     + . .     Spirit   .   (helmet restricted)
rPois    .         Reflect  +   s - amulet of reflection
rElec    .         Harm     .   b - ring of positive energy
rCorr    .         Rampage  .   i - ring of protection from fire
Will     .....                  (no ring)
Stlth    +++.......             (no ring)
HPRegen  0.20/turn              (no ring)
MPRegen  0.13/turn              (no ring)
                                (no ring)
                                (no ring)

@: lethally poisoned (0 -> -47), flying
A: almost no armour, amphibious, 8 rings, camouflage 1, gelatinous body 1,
(nimble swimmer 1), tentacles
a: Renounce Religion, Potion Petition, Call Merchant, Bribe Branch


You were on level 6 of the Dungeon.
You worshipped Gozag.
Gozag was pleased with you.
You visited 2 branches of the dungeon, and saw 7 of its levels.

You collected 625 gold pieces.
You paid 70 gold pieces to Gozag.

Inventory:

Hand Weapons
 a - the +10 fustibalus "Wokk" (weapon) {venom, Str-4 Dex+8}
   (You acquired it on level 2 of the Dungeon)

   It poisons the ammo it fires.
   It affects your strength (-4).
   It affects your dexterity (+8).
 o - the +8 flail "Impslayer" {vorpal, rElec rCorr Dex-3}
   (You found it on level 4 of the Dungeon)

   It inflicts extra damage upon your enemies.
   It affects your dexterity (-3).
   It insulates you from electricity.
   It protects you from acid and corrosion.
Missiles
 k - 150 stones (quivered ammo)
 l - 26 sling bullets
Jewellery
 b - a ring of positive energy (left tentacle)
 i - a ring of protection from fire (right tentacle)
 s - an amulet of reflection (around mantle)
Wands
 g - a wand of mindburst (7)
 p - a wand of iceblast (10)
Scrolls
 c - a scroll of noise {unknown}
 q - a scroll of silence {unknown}
 u - a scroll of identify
 v - a scroll of fog {unknown}
 w - a scroll of brand weapon {unknown}
Potions
 d - 2 potions of mutation
 e - 3 potions of attraction
 f - a potion of heal wounds {unknown}
 h - 2 potions of cancellation
 j - 2 potions of brilliance
 m - a potion of lignification
 n - a potion of degeneration {unknown}
 r - a potion of magic {unknown}
 t - a potion of flight


   Skills:
 + Level 5.7 Fighting
 + Level 5.3 Slings
 + Level 5.2 Dodging
 + Level 7.0 Unarmed Combat
 - Level 2.0 Spellcasting
 + Level 6.8 Transmutations


You had 2 spell levels left.
You knew the following spells:

 Your Spells              Type           Power      Damage    Failure   Level
a - Beastly Appendage     Tmut           48%        N/A       1%          1
b - Hydra Form            Tmut           12%        N/A       32%         5
c - Petrify               Tmut/Erth      13%        N/A       43%         4

Your spell library contained the following spells:

 Spells                   Type           Power      Damage    Failure   Level
 Wereblood                Tmut           24%        N/A       1%          2
 Foxfire                  Conj/Fire      4%         2x1d4     19%         1
 Spider Form              Tmut/Pois      6%         N/A       14%         3
 Ice Form                 Ice/Tmut       13%        N/A       43%         4
 Conjure Flame            Conj/Fire      1%         6-21      50%         3
 Inner Flame              Hex/Fire       1%         N/A       50%         3
 Sticky Flame             Conj/Fire      1%         2d3       88%         4
 Summon Lightning Spire   Summ/Air       1%         N/A       88%         4
 Borgnjor's Vile Clutch   Necr/Erth      0%         N/A       99%         5
 Fireball                 Conj/Fire      0%         3d3       99%         5
 Dragon's Call            Summ           0%         N/A       100%        9


Dungeon Overview and Level Annotations

Branches:
Dungeon (6/15)             Temple (1/1) D:5

Altars:
Ashenzari
Cheibriados
Dithmenos
Elyvilon
Fedhas
Gozag
Hepliaklqana
Kikubaaqudgha
Makhleb
Nemelex Xobeh
Okawaru
Qazlal
Ru
Sif Muna
Trog
Uskayaw
Xom
Yredelemnul
Zin
The Shining One

Annotations:
D:6 jasper's ghost, weakling DsDe


Innate Abilities, Weirdness & Mutations

You cannot wear most types of armour.
You are amphibious.
You can wear up to eight rings at the same time.
Your skin changes colour to match your surroundings (Stealth+).
Your rubbery body absorbs attacks. (AC +1, EV +1)
((You are camouflaged near water. (Stealth+)))
You have tentacles for arms and can constrict up to eight enemies at once.


Message History

The centaur skeleton is severely damaged.
You shoot a stone. The stone hits the centaur skeleton!!
You destroy the centaur skeleton!
No target in view!
You now have 555 gold pieces (gained 6).
k - 149 stones (gained 1)
k - 150 stones (gained 1)
k - 151 stones (gained 1)
There is an open door here.
There is a stone staircase leading down here.
Things that are here:
a +0 hand axe; a +0 leather armour Key pressed, stopping explore.
There is an open door here.
There is a stone staircase leading up here.
Could not explore, unopened runed door.
Could not explore, unopened runed door.
Press: ? - help, v - describe, . - travel A stone wall.
Unknown command.
You open the door.
Jasper's ghost turns its malevolent gaze towards you.
The +2 rapier of chaos hits you!
You are electrocuted!
Fire: 151 stones
Press: ? - help, Q - select action, (/) - cycle Shift-Dir - straight line, f - +2 rapier of chaos
Aim: a +2 rapier of chaos (50% to hit)
You shoot a stone.
The stone misses the +2 rapier of chaos.
The +2 rapier of chaos hits you!
You are lethally poisoned!
The +2 rapier of chaos hits you!
* * * LOW HITPOINT WARNING * * *
You are more poisoned.
Okay, then.
Okay, then.
It was a potion of flight.
You feel very buoyant.
You fly up into the air.
You die...
Your body crumbles into a pile of gold.

#.#.###.#..#.###...#.
#############.#................#.
.........................#.#...##
#############'#####.####.#.#...##
........# #....).....# #.#.#...##
.######.# #.......##.###.#.#...##
.# #.###.)......#.....#.....#. .#
#........).###########.#.#.
.##########.#'#+@#$##......#.....
........# #.#.#..(W.######.###.##
........# #>#.#..#(##........#.#
........###.#.#..#########.#.#.#
.#'###...##.#.#.## #'#.#.##
.....#...##.#.#.# #_#.....
.#.#.#...##.#.#.##########+#.#.##
.#.#.#..........#............#.#
##.#.##.........#.#####.##.###.#


You could see a +2 rapier of chaos and jasper's ghost.

Vanquished Creatures
  A wyvern (D:6)
  The ghost of indyram44 the Covered, an amateur DsFi (D:4)
  2 water moccasins
  2 ice beasts
  2 black bears
  A hornet zombie (D:5)
  2 necrophages (D:4)
  4 ogres
  A centaur (D:5)
  A phantom (D:4)
  A bullfrog (D:6)
  A gnoll sergeant (D:5)
  4 wights (D:4)
  A howler monkey (D:5)
  2 centaur zombies
  A human zombie (D:4)
  2 bullfrog zombies
  2 jellies
  3 hounds
  Crazy Yiuf (D:5)
  2 centaur skeletons
  Jessica (D:1)
  3 iguanas
  Ijyb (D:3)
  A scorpion zombie (D:4)
  2 hound zombies (D:4)
  2 mummies (D:4)
  A howler monkey zombie (D:6)
  14 adders
  4 gnolls (D:5)
  2 ufetubi (D:6)
  An adder zombie (D:4)
  An adder skeleton (D:4)
  5 worms
  2 dart slugs (D:3)
  7 orcs
  8 ball pythons
  7 bats
  9 endoplasms
  4 giant cockroaches
  4 goblins
  8 hobgoblins
  4 jackals (D:1)
  A quokka (D:1)
  9 frilled lizards
  5 kobolds
  5 rats
148 creatures vanquished.

Vanquished Creatures (others)
  A fungus (D:5)
1 creature vanquished.

Grand Total: 149 creatures vanquished

Notes
Turn   | Place    | Note
-------+----------+-------------------------------------------
     0 | D:1      | spiderkeys the Octopode Transmuter began the quest for the
                  | Orb.
     0 | D:1      | Reached XP level 1. HP: 13/13 MP: 3/3
   375 | D:1      | Reached XP level 2. HP: 18/18 MP: 3/5
  1609 | D:1      | Identified a scroll of acquirement
  1609 | D:1      | Acquired the Collected Works on the Creative Mountains
  1647 | D:2      | Noticed Jessica
  1748 | D:1      | Killed Jessica
  1749 | D:1      | Reached XP level 3. HP: 8/24 MP: 4/6
  1953 | D:2      | Reached XP level 4. HP: 28/30 MP: 7/7
  2027 | D:2      | Found a faded altar of an unknown god.
  2600 | D:2      | Acquired the +10 fustibalus "Wokk" {venom, Str-4 Dex+8}
  2850 | D:2      | Reached XP level 5. HP: 35/35 MP: 6/8
  3336 | D:3      | Found a blossoming altar of Fedhas.
  3348 | D:3      | Found a shadowy altar of Dithmenos.
  3352 | D:3      | Reached skill level 4 in Unarmed Combat
  3691 | D:3      | Found a glowing golden altar of the Shining One.
  3691 | D:3      | Found a faded altar of an unknown god.
  3697 | D:3      | Reached skill level 1 in Slings
  3699 | D:3      | Found a faded altar of an unknown god.
  3702 | D:3      | Found a snail-covered altar of Cheibriados.
  3704 | D:3      | Found a bloodstained altar of Trog.
  3800 | D:3      | Noticed Ijyb
  3804 | D:3      | Killed Ijyb
  4287 | D:4      | Noticed a phantom
  4296 | D:4      | Killed a phantom
  4297 | D:4      | Reached XP level 6. HP: 20/42 MP: 9/9
  4470 | D:4      | Found a runed translucent door.
  4656 | D:4      | Reached skill level 5 in Unarmed Combat
  4656 | D:4      | Reached XP level 7. HP: 40/46 MP: 10/10
  4662 | D:4      | Learned a level 5 spell: Hydra Form
  4667 | D:4      | Learned a level 4 spell: Petrify
  5086 | D:4      | Found a basalt altar of Yredelemnul.
  5533 | D:4      | Reached skill level 5 in Transmutations
  5533 | D:4      | Reached XP level 8. HP: 54/54 MP: 11/11
  5592 | D:4      | Noticed indyram44's ghost (amateur DsFi)
  5811 | D:4      | Killed indyram44's ghost
  6010 | D:4      | Identified the +8 flail "Impslayer" {vorpal, rElec rCorr
                  | Dex-3}
  6030 | D:5      | Entered Level 5 of the Dungeon
  6084 | D:5      | Found a burning altar of Makhleb.
  6084 | D:5      | Noticed a cacodemon
  6085 | D:5      | Found a glowing silver altar of Zin.
  6085 | D:5      | Noticed an angel
  6293 | D:5      | Found a staircase to the Ecumenical Temple.
  6300 | Temple   | Entered the Ecumenical Temple
  6353 | Temple   | Became a worshipper of Gozag Ym Sagoz the Greedy
  6401 | D:5      | Reached skill level 6 in Unarmed Combat
  6674 | D:5      | Reached XP level 9. HP: 59/59 MP: 12/12
  7192 | D:5      | Reached skill level 5 in Fighting
  7192 | D:5      | Reached skill level 5 in Slings
  7619 | D:5      | Found a runed translucent door.
  7620 | D:5      | Noticed Crazy Yiuf
  7626 | D:5      | Killed Crazy Yiuf
  7718 | D:6      | Found an ancient bone altar of Kikubaaqudgha.
  7902 | D:6      | Found a stormy altar of Qazlal.
  7941 | D:6      | Found a runed translucent door.
  7942 | D:6      | Found a shimmering altar of Xom.
  7942 | D:6      | Noticed jasper's ghost (weakling DsDe)
  7945 | D:6      | Noticed a +2 rapier of chaos
  8081 | D:6      | Reached skill level 5 in Dodging
  8088 | D:6      | Reached skill level 7 in Unarmed Combat
  8772 | D:6      | Succumbed to a +2 rapier of chaos's poison

Illustrated notes

Levels and vault maps discovered:
D:1:      dpeg_arrival_lava_temple_mockup, layout_loops_corners, corner_web_ring
D:2:      minmay_diamond_boxcup, layout_rooms,
          hellmonk_ecumenical_altar_lost_god, kennysheep_decorative_pillar,
          uniq_jessica
D:3:      layout_basic, grunt_temple_overflow_open,
          chequers_temple_overflow_minitemple, uniq_ijyb
D:4:      layout_rooms, lemuel_mausoleum_altar_yredelemnul,
          ebering_ghost_reflecting_pool
D:5:      layout_loops_corners, grunt_temple_overflow_order_and_chaos_2,
          minmay_temple_entry_offerings, hangedman_minor_gate_pass,
          uniq_crazy_yiuf_cottage
D:6:      layout_basic, old_standard_altar, kennysheep_mini, ebering_ghost_xom
Temple:   eino_wide_crystal_templ

Skill      XL: |  1  2  3  4  5  6  7  8  9 |
---------------+----------------------------+-----
Fighting       | 2 3 4 5 |  5.7
Transmutations | 3 4 5 6 |  6.8
Unarmed Combat | 4 5 6 7 |  7.0
Slings         | 1 2 3 4 5 |  5.3
Dodging        | 4 5 |  5.2
Spellcasting   | |  2.0

Action                   |  1- 3 |  4- 6 |  7- 9 || total
-------------------------+-------+-------+-------++-------
Melee: Unarmed           |    59 |    60 |     5 ||   124
       Constrict         |    13 |    17 |     1 ||    31
       Kick              |    15 |    13 |       ||    28
       Tentacles         |     8 |     9 |     1 ||    18
       Punch             |       |     1 |       ||     1
 Fire: Fustibalus        |       |    74 |   207 ||   281
 Cast: Beastly Appendage |    18 |    11 |       ||    29
  Use: Scroll            |     2 |     8 |     2 ||    12
       Potion            |       |       |     1 ||     1
 Stab: Sleeping          |     3 |     3 |       ||     6
Armor: Skin              |     2 |     7 |     5 ||    14
Dodge: Dodged            |    40 |    50 |    55 ||   145
Block: Other             |       |       |     1 ||     1

Table legend: (Time is in decaauts)
 A = Elapsed time spent in this place.
 B = Non-inter-level travel time spent in this place.
 C = Inter-level travel time spent in this place.
 D = Time resting spent in this place.
 E = Time spent auto-exploring this place.
 F = Levels seen in this place.
 G = Mean time per level.
                   A        B        C        D        E       F      G
               +--------+--------+--------+--------+--------+-----+--------+
         Total |   8824 |   8495 |    329 |   1034 |   6478 |   7 | 1260.6 |
       Dungeon |   8748 |   8441 |    307 |   1034 |   6428 |   6 | 1458.0 |
        Temple |     76 |     54 |     22 |      0 |     50 |   1 |   76.0 |
               +--------+--------+--------+--------+--------+-----+--------+

Top non-repeatable levels by time:
     D:1: 2197 daAuts
     D:4: 1851 daAuts
     D:5: 1612 daAuts
     D:6: 1070 daAuts
     D:2: 1052 daAuts
     D:3: 963 daAuts
  Temple: 76 daAuts
